Map: Glittering Ashes LE

Players

TradeMarc (uThermal) - Winner!

  • Race: Terran Terran
  • League: Grandmaster
  • Spawn Location: 1:00

MaxPax

  • Race: Protoss Protoss
  • Spawn Location: 7:00

VOD

https://www.youtube.com/watch?v=g4s891EbLwM&list=PLhaCXeA_nfD3-GKd8QvKUHdUA2hvh1Zx3&index=46

Description

Time

  • Played on: Jan. 29, 2022, 10:27 a.m.
  • Length: 12:32
Show
View Real Time Build Order
Export as new Build Order

TradeMarc Terran - Winner!

Build Orders:  

Get SALT Encoding   

  12  0:00  SCV  
  13  0:12  SCV  
  14  0:16  Supply Depot  
  14  0:24  SCV  
  15  0:38  SCV  
  15  0:39  Barracks  
  15  0:42  Refinery  
  16  0:50  SCV  
  17  1:02  SCV  
  18  1:14  SCV  
  19  1:26  Orbital Command, Barracks Reactor  
  19  1:45  Command Center  
  19  1:51  Supply Depot  
  19  1:52  SCV  
  20  2:02  Marine x2  
  20  2:05  SCV  
  23  2:16  Barracks  
  23  2:17  SCV  
  23  2:20  Reaper  
  23  2:21  Reaper  
  26  2:29  SCV  
  27  2:33  Barracks  
  27  2:41  SCV  
  27  2:42  Refinery  
  28  2:52  Marine x2  
  28  2:53  SCV  
  30  3:05  Orbital Command, SCV  
  31  3:06  Barracks Tech Lab  
  31  3:10  Marine x2  
  33  3:17  SCV  
  30  3:29  Barracks Tech Lab, Marine x3, SCV  
  30  3:32  Stimpack  
  34  3:35  SCV  
  35  3:42  SCV  
  36  3:49  Marine  
  36  3:50  Marine  
  36  3:51  SCV  
  36  3:52  Marine x2  
  36  3:53  Combat Shield  
  41  3:56  SCV  
  41  4:00  Supply Depot  
  42  4:07  Marine  
  42  4:08  Marine  
  45  4:12  Marine  
  45  4:14  Marine  
  45  4:16  Supply Depot  
  46  4:21  Factory  
  46  4:22  SCV x2  
  48  4:29  Bunker, Marine x2  
  50  4:32  Marauder  
  50  4:33  Marauder  
  50  4:37  SCV x2  
  56  4:41  Supply Depot  
  56  4:47  Engineering Bay  
  56  4:49  Marine x2, SCV  
  59  4:53  Marauder, SCV  
  62  5:02  Marine  
  62  5:04  Supply Depot  
  62  5:06  Supply Depot  
  63  5:09  Factory Reactor  
  63  5:10  Starport, Marine  
  63  5:12  Marine  
  65  5:14  SCV  
  65  5:15  Marine  
  65  5:21  Terran Infantry Weapons Level 1, Marine  
  67  5:23  SCV  
  67  5:28  Marine, SCV  
  69  5:34  Marine  
  69  5:35  Marauder, Concussive Shells  
  63  5:37  SCV  
  63  5:42  SCV  
  61  5:44  Marauder  
  61  5:49  SCV  
  64  5:50  Marine  
  64  5:51  Factory Tech Lab  
  64  5:52  Marine  
  64  5:53  Medivac  
  64  5:54  Medivac  
  70  5:58  Refinery, Marine  
  70  6:02  Refinery  
  70  6:03  SCV  
  72  6:05  Marine, SCV  
  72  6:08  Marine  
  72  6:10  Marine  
  76  6:15  SCV  
  76  6:16  Marine  
  76  6:17  Siege Tank, SCV  
  82  6:20  Supply Depot  
  82  6:23  Marine  
  82  6:27  SCV  
  82  6:29  Medivac  
  82  6:31  Marine  
  84  6:34  Marauder  
  84  6:37  Medivac  
  77  6:41  Marine  
  77  6:42  Marauder  
  77  6:43  Command Center  
  80  6:49  Marine, Siege Tank  
  80  6:52  Supply Depot  
  84  6:55  Marine  
  84  6:59  Marine  
  85  7:03  Marine  
  85  7:07  Barracks x2  
  86  7:08  Marine, SCV  
  86  7:13  Marauder, SCV  
  86  7:14  Supply Depot  
  91  7:20  Terran Infantry Armor Level 1, Missile Turret  
  91  7:25  Siege Tank  
  91  7:26  SCV  
  91  7:27  SCV  
  96  7:30  Marine  
  96  7:31  Marine  
  96  7:32  Marine  
  99  7:37  Missile Turret  
  99  7:38  Marine  
  99  7:39  SCV  
  99  7:43  SCV  
  102  7:48  Marine  
  103  7:51  SCV  
  103  7:53  Missile Turret, Marine  
  103  7:54  Marauder, Marine  
  103  7:57  SCV  
  109  7:59  Siege Tank  
  109  8:03  Barracks Tech Lab, SCV  
  113  8:12  SCV  
  114  8:15  SCV  
  114  8:16  Marine  
  114  8:17  Supply Depot, Marauder x2, Marine  
  121  8:25  Orbital Command, SCV  
  122  8:28  Marine  
  122  8:31  Siege Tank  
  124  8:39  Marauder x2, Marine x2, SCV  
  130  8:42  Medivac  
  130  8:45  SCV  
  125  8:52  Marauder, SCV  
  125  8:53  SCV  
  125  8:55  Supply Depot  
  121  8:56  Missile Turret  
  121  8:57  Marine, SCV  
  121  9:00  Barracks Reactor  
  122  9:04  SCV  
  122  9:05  Siege Tank, Marine, SCV  
  122  9:09  SCV  
  129  9:15  Armory  
  129  9:16  Missile Turret, Marine  
  129  9:17  Engineering Bay  
  130  9:20  Marauder x2, Marine  
  135  9:26  Sensor Tower  
  135  9:27  Marine  
  135  9:28  Refinery  
  136  9:32  Supply Depot  
  136  9:34  Marine  
  136  9:38  Supply Depot, Marauder  
  139  9:40  Missile Turret, Marine  
  140  9:46  Marine  
  140  9:52  Supply Depot  
  141  9:54  Marauder x2, Marine x2, Medivac  
  141  9:56  Supply Depot  
  141  9:59  Siege Tank, Medivac  
  154  10:03  Terran Infantry Armor Level 2, Terran Infantry Weapons Level 2  
  154  10:05  Refinery  
  154  10:08  Marine  
  154  10:10  Supply Depot  
  155  10:16  Marauder x2, Marine x2  
  155  10:18  Supply Depot  
  155  10:20  Supply Depot  
  160  10:29  Marine  
  160  10:30  Marauder  
  160  10:31  Siege Tank  
  165  10:37  Marine  
  165  10:38  Marauder  
  165  10:39  Marauder, Marine  
  157  10:44  Medivac  
  149  10:54  Marine  
  149  10:55  Marauder  
  149  10:56  Medivac  
  139  10:58  SCV x2  
  139  10:59  SCV  
  139  11:01  Marine  
  139  11:02  Marauder  
  139  11:03  Siege Tank  
  145  11:07  Marauder, Marine x2  
  145  11:09  Missile Turret  
  149  11:12  Marine  
  149  11:14  Command Center  
  149  11:16  Marauder  
  150  11:19  Marine  
  150  11:25  Marauder, Marine  
  154  11:28  Marine  
  154  11:29  Marauder  
  154  11:31  Marine  
  158  11:36  Siege Tank  
  158  11:38  Marauder  
  149  11:48  Viking x2  
  129  11:59  Marine  
  129  12:00  Marauder  
  129  12:01  Marauder x2, Marine  
  117  12:03  Marine  
  118  12:10  Marine  
  119  12:15  Ghost Academy  
Show
View Real Time Build Order
Export as new Build Order

MaxPax Protoss 

Build Orders: 1 Gate Expand, Blink Stalkers, Colossus Rush 

Get SALT Encoding   

  12  0:00  Probe  
  13  0:12  Probe  
  14  0:20  Pylon  
  14  0:24  Probe  
  15  0:38  Probe (Chrono Boost)  
  15  0:41  Gateway  
  16  0:47  Probe (Chrono Boost)  
  16  0:48  Assimilator  
  17  0:52  Probe (Chrono Boost)  
  19  1:04  Probe  
  19  1:16  Probe  
  20  1:28  Cybernetics Core  
  20  1:33  Nexus  
  20  1:36  Probe  
  21  1:45  Pylon  
  21  1:48  Assimilator  
  21  1:51  Probe  
  22  2:01  Adept (Chrono Boost)  
  22  2:03  Probe  
  22  2:06  Shield Battery  
  25  2:10  Warp Gate  
  25  2:15  Probe  
  26  2:21  Adept (Chrono Boost)  
  26  2:27  Probe  
  29  2:32  Twilight Council  
  29  2:39  Probe  
  30  2:44  Stalker  
  30  2:45  Probe  
  33  2:51  Probe  
  33  2:57  Probe  
  35  3:03  Probe  
  36  3:08  Blink (Chrono Boost)  
  36  3:09  Probe  
  37  3:16  Probe  
  36  3:21  Probe  
  36  3:28  Probe  
  36  3:30  Robotics Facility  
  36  3:33  Probe  
  38  3:36  Gateway  
  38  3:40  Probe  
  39  3:43  Gateway  
  39  3:45  Probe  
  40  3:52  Probe  
  40  3:54  Pylon  
  39  3:58  Probe  
  39  4:00  Stalker, Assimilator  
  42  4:04  Probe  
  43  4:10  Probe  
  43  4:15  Warp Prism (Chrono Boost)  
  43  4:16  Probe  
  45  4:18  Shield Battery  
  47  4:24  Probe  
  47  4:26  Stalker  
  47  4:29  Pylon  
  50  4:32  Stalker  
  50  4:34  Probe  
  50  4:36  Assimilator  
  53  4:40  Pylon  
  53  4:41  Probe  
  54  4:47  Robotics Bay  
  54  4:48  Observer  
  54  4:51  Stalker x2  
  59  4:56  Stalker  
  61  5:03  Probe x2  
  63  5:16  Forge  
  63  5:18  Pylon  
  63  5:19  Stalker x2  
  63  5:20  Stalker  
  69  5:34  Probe  
  69  5:35  Probe  
  66  5:42  Observer  
  66  5:43  Colossus (Chrono Boost)  
  72  5:55  Nexus  
  72  6:02  Charge  
  72  6:06  Extended Thermal Lance, Protoss Ground Weapons Level 1  
  72  6:09  Probe  
  72  6:10  Probe  
  74  6:24  Stalker x2  
  77  6:32  Probe (Chrono Boost)  
  65  6:33  Probe (Chrono Boost)  
  65  6:38  Nexus  
  59  6:44  Probe (Chrono Boost)  
  59  6:45  Probe (Chrono Boost)  
  59  6:47  Colossus (Chrono Boost)  
  61  6:52  Probe x2 (Chrono Boost)  
  68  6:58  Probe  
  68  7:00  Probe  
  70  7:08  Pylon  
  70  7:10  Sentry, Probe  
  70  7:11  Sentry  
  70  7:12  Probe  
  76  7:22  Probe  
  77  7:24  Probe  
  78  7:33  Observer (Chrono Boost)  
  78  7:34  Probe  
  78  7:36  Shield Battery, Probe  
  81  7:49  Colossus (Chrono Boost), Probe (Chrono Boost)  
  81  7:50  Probe x2 (Chrono Boost)  
  92  7:59  Probe x2 (Chrono Boost)  
  92  8:01  Probe (Chrono Boost)  
  92  8:03  Probe (Chrono Boost)  
  92  8:04  Probe (Chrono Boost)  
  94  8:10  Probe  
  94  8:11  Pylon  
  94  8:12  Sentry, Zealot  
  100  8:15  Pylon, Probe  
  100  8:17  Pylon  
  101  8:22  Protoss Ground Weapons Level 2 (Chrono Boost)  
  101  8:29  Probe x2  
  101  8:32  Probe  
  95  8:38  Stalker x3  
  95  8:41  Probe x2  
  103  8:43  Observer  
  103  8:46  Probe (Chrono Boost)  
  95  8:50  Observer  
  95  8:53  Probe (Chrono Boost)  
  95  8:54  Probe (Chrono Boost)  
  95  9:04  Warp Prism (Chrono Boost), Probe (Chrono Boost)  
  95  9:05  Probe x2 (Chrono Boost)  
  95  9:09  Probe (Chrono Boost)  
  99  9:10  Probe (Chrono Boost)  
  99  9:11  Probe (Chrono Boost)  
  102  9:17  Assimilator  
  102  9:19  Probe  
  102  9:20  Probe  
  102  9:21  Observer  
  102  9:24  Gateway, Probe  
  105  9:31  Probe  
  105  9:32  Gateway, Probe  
  105  9:37  Gateway, Probe  
  108  9:45  Probe  
  109  9:49  Probe x2, Assimilator  
  111  10:02  Zealot  
  111  10:03  Zealot x2  
  111  10:06  Pylon  
  117  10:08  Photon Cannon  
  117  10:11  Gateway  
  117  10:12  Gateway  
  117  10:14  Pylon  
  117  10:16  Templar Archives  
  117  10:21  Pylon  
  108  10:38  Zealot x3  
  108  10:39  Zealot x2  
  108  10:41  Colossus (Chrono Boost)  
  103  10:43  Zealot x3  
  103  10:44  Zealot x2  
  102  10:56  Probe  
  94  10:58  Probe x2  
  94  11:08  Probe  
  94  11:09  Gateway  
  94  11:10  Pylon, Probe  
  94  11:16  High Templar x2  
  94  11:17  High Templar x4  
  94  11:18  Zealot  
  108  11:21  Archon x3  
  108  11:25  Warp Prism (Chrono Boost)  
  108  11:30  Probe  
  108  11:31  Probe  
  86  11:48  Zealot  
  86  11:49  Zealot x4  
  70  12:08  High Templar  
  70  12:09  High Templar x3  
  70  12:10  High Templar x4  
  70  12:14  Archon x2, Probe  
  70  12:15  Archon, Probe x2  
  89  12:19  Archon  
Tags
 
Add a new tag
Caveats
  • Supply blocks, unpowered buildings, or Contaminate may cause inaccurate times.
  • Supply counts are checked every 10 seconds.